[Event "Team 45 45 League T26"]
[Site "Free Internet Chess Server"]
[Date "2005.03.21"]
[Round "1"]
[White "mrmahoon"]
[Black "fismoluni"]
[Result "1/2-1/2"]
[WhiteElo "1605"]
[BlackElo "1633"]
[TimeControl "2700+45"]

1. e4 c5 2. Nf3 d6 3. d4 cxd4 4. Nxd4 Nf6 5. Nc3 a6 6. Be2 e6 7. Nf3 Nc6 8. O-O Be7 9. Bd3 O-O 10. Re1 Qc7 11. Bf4 Nh5 12. Bd2 Nf6 13. Ng5 h6 14. Nf3 b5 15. a3 Bb7 16. Qe2 b4 17. axb4 Nxb4 18. e5 Nxd3 19. cxd3 Bxf3 20. gxf3 dxe5 21. Qxe5 Bd6 22. Qd4 Bxh2+ 23. Kf1 Qb7 24. Ne4 Rfd8 25. Nxf6+ gxf6 26. Qxf6 Qd5 27. Re3 Qg5 28. Qxg5+ hxg5 29. Ra3 Bf4 30. Re2 Bxd2 31. Rxd2 a5 32. Ke2 a4 33. b4 axb3 34. Rxb3 Rd4 35. Ke3 e5 36. Rb5 Re8 37. Rxe5 Rxd3+ 38. Rxd3 Rxe5+ 39. Kd2 Kg7 40. Re3 Rb5 41. Re4 f5 42. Rc4 Re5 43. f4 Rd5+ 44. Ke3 g4 45. Rc7+ Kf6 46. Rc6+ Ke7 47. f3 Ra5 48. fxg4 Ra3+ 49. Kd4 fxg4 50. Rg6 g3 51. f5 Rf3 52. Ke5 Re3+ 53. Kf4 Re1 54. Rxg3 Rf1+ 55. Kg5 Kf7 56. Rg4 Rf2 57. Rh4 Rg2+ 58. Rg4 Rxg4+ 59. Kxg4 Kf6 60. Kf4 Kf7 61. Kg5 Kg7 62. f6+ Kf7 63. Kf5 Kf8 64. Kg6 Kg8 65. f7+ Kf8 66. Kf6   {Game drawn by stalemate} 1/2-1/2

[Event "Team 45 45 League T26"]
[Site "Free Internet Chess Server"]
[Date "2005.03.18"]
[Round "1"]
[White "ahorse"]
[Black "tjraczko"]
[Result "1-0"]
[WhiteElo "1623"]
[BlackElo "1598"]
[TimeControl "2700+45"]

1. d4 d5 2. Nf3 Nf6 3. c4 dxc4 4. e3 e6 5. Bxc4 c5 6. O-O a6 7. a4 Nc6 8. Qd3 Be7 9. Rd1 Nb4 10. Qb3 O-O 11. dxc5 Nbd5 12. Nc3 Bxc5 13. e4 Qc7 14. exd5 exd5 15. Nxd5 Qc6 16. Nxf6+ gxf6 17. Bh6 Re8 18. Bxf7+   {Black resigns} 1-0

[Event "Team 45 45 League T26"]
[Site "Free Internet Chess Server"]
[Date "2005.03.17"]
[Round "1"]
[White "couv"]
[Black "CleverBanana"]
[Result "1/2-1/2"]
[WhiteElo "1543"]
[BlackElo "1622"]
[TimeControl "2700+45"]

1. d4 d5 2. e3 Nf6 3. Bd3 Nc6 4. f4 e6 5. c3 Bd6 6. Nd2 O-O 7. Ngf3 Ng4 8. Qe2 f6 9. O-O e5 10. fxe5 fxe5 11. dxe5 Ncxe5 12. h3 Nxd3 13. hxg4 Ne5 14. Nxe5 Bxe5 15. Nf3 Bxg4 16. Qd3 Bxf3 17. Rxf3 Rxf3 18. gxf3 Qg5+ 19. Kf2 Qg3+ 20. Ke2 c6 21. f4 Bf6 22. Kd1 Bh4 23. Kc2 Qg1 24. b4 Re8 25. Kb3 Bf2 26. Bb2 Rxe3 27. Qf5 Qg6 28. Qc8+ Re8 29. Qxb7 d4 30. Rf1 dxc3 31. Bxc3 Be3 32. f5 Qf7+ 33. Qxf7+ Kxf7 34. a4 Bb6 35. a5 Bc7 36. Rd1 Rd8 37. Rg1 g6 38. fxg6+ hxg6 39. Rh1 Ke6 40. Kc4 Bd6 41. Rh7 a6 42. Ra7 g5 43. Rxa6 Rc8 44. Bd4 Kd7 45. Ra7+ Rc7 46. a6 Rxa7 47. Bxa7 Kc8 48. Bd4 g4 49. b5 cxb5+ 50. Kxb5 Kb8 51. Kc6 Bf4 52. Kd5 Ka8 53. Ke4 Bb8 54. Kd3 Ba7 55. Be5 Bb8   {Game drawn by mutual agreement} 1/2-1/2

[Event "Team 45 45 League T26"]
[Site "Free Internet Chess Server"]
[Date "2005.03.18"]
[Round "1"]
[White "SamuraiGoroh"]
[Black "Lamtarra"]
[Result "1-0"]
[WhiteElo "1441"]
[BlackElo "1601"]
[TimeControl "2700+45"]

1. e4 d6 2. h3 Nf6 3. Nc3 g6 4. Bc4 Bg7 5. Nf3 O-O 6. O-O Nc6 7. d4 Re8 8. Be3 Na5 9. Be2 Nc6 10. a3 b6 11. Bb5 Bd7 12. e5 dxe5 13. Bxc6 Bxc6 14. dxe5 Qxd1 15. Rfxd1 Bxf3 16. gxf3 Nh5 17. Rd7 Rac8 18. f4 f6 19. Nd5 fxe5 20. Nxe7+ Rxe7 21. Rxe7 exf4 22. Bc1 Bf6 23. Re4 g5 24. c3 Kf7 25. Kf1 Ng7 26. Bd2 Rd8 27. Ke2 Re8 28. Rxe8 Kxe8 29. Re1 Kd7 30. Kf3 Nf5 31. b4 Nh4+ 32. Kg4 h6 33. f3 Be7 34. Re2 c5 35. Be1 Ng6 36. bxc5 Bxc5 37. a4 Ne7 38. Kh5 Ng8 39. Bf2 Kc6 40. Bxc5 Kxc5 41. Kg6 Kc4 42. Kf7 Kxc3 43. Kxg8 Kb4 44. Kg7 Kxa4 45. Kxh6 b5 46. Kxg5 b4 47. Re4 a5 48. h4 Kb3 49. Rxb4+ axb4 50. h5 Kc3 51. h6 b3 52. h7 Kc2 53. h8=Q b2 54. Qxb2+ Kxb2 55. Kxf4 Kc3 56. Ke5 Kd3 57. f4 Ke3 58. f5   {Black resigns} 1-0

[Event "Team 45 45 League T26"]
[Site "Free Internet Chess Server"]
[Date "2005.03.21"]
[Round "1"]
[White "MStav"]
[Black "zcomcon"]
[Result "1/2-1/2"]
[WhiteElo "1699"]
[BlackElo "1769"]
[TimeControl "2700+45"]

1. d4 e6 2. Nf3 b6 3. Bf4 Bb7 4. e3 Nf6 5. h3 a6 6. Bd3 c5 7. c3 b5 8. Nbd2 c4 9. Bc2 Be7 10. O-O O-O 11. b4 cxb3 12. axb3 Nd5 13. Bxb8 Rxb8 14. Nb1 Qc7 15. Qd3 g6 16. c4 bxc4 17. Qxc4 Qxc4 18. bxc4 Nb4 19. Rc1 Nxc2 20. Rxc2 Rfc8 21. Nbd2 d6 22. Rac1 Bd8 23. c5 dxc5 24. dxc5 Bc6 25. Ne5 f6 26. Nxc6 Rxc6 27. f3 f5 28. e4 Bf6 29. Kf2 Bg5 30. Ke2 Bxd2 31. Kxd2 Rbc8 32. Ke3 Kf7 33. e5 g5 34. Rc4 h5 35. g3 R8c7 36. R1c3 Ke7 37. Rc2 Kf7   {Game drawn by mutual agreement} 1/2-1/2

[Event "Team 45 45 League T26"]
[Site "Free Internet Chess Server"]
[Date "2005.03.21"]
[Round "1"]
[White "manyhorses"]
[Black "Vinoblanca"]
[Result "1-0"]
[WhiteElo "1298"]
[BlackElo "1468"]
[TimeControl "2700+45"]

1. e4 e5 2. d4 exd4 3. Qxd4 Nc6 4. Qe3 d6 5. Nf3 g6 6. Ng5 Bg7 7. Bc4 Ne5 8. Bb5+ c6 9. Ba4 Nf6 10. Qb3 h6 11. Nf3 b5 12. Nc3 bxa4 13. Qxa4 Nxf3+ 14. gxf3 Bd7 15. Qd4 Qe7 16. Be3 O-O 17. O-O-O Ne8 18. Qc4 Bxc3 19. Qxc3 Nc7 20. Bxh6 Rfb8 21. Qg7#   {Black checkmated} 1-0

[Event "Team 45 45 League T26"]
[Site "Free Internet Chess Server"]
[Date "2005.03.21"]
[Round "1"]
[White "Triplea"]
[Black "chesstalker"]
[Result "0-1"]
[WhiteElo "1288"]
[BlackElo "1398"]
[TimeControl "2700+45"]

1. e4 e5 2. Nf3 d6 3. d4 Nd7 4. dxe5 Nc5 5. Nc3 Bg4 6. exd6 cxd6 7. Be3 Nf6 8. Bd3 Nxd3+ 9. Qxd3 a6 10. O-O-O Be7 11. Nd5 Nxd5 12. exd5 Rc8 13. Rhe1 O-O 14. Bf4 Rc7 15. Re3 Qd7 16. Rde1 Bf5 17. Qe2 Rxc2+ 18. Qxc2 Bxc2 19. Rxe7 Qf5 20. Bxd6 Ba4 21. Rxb7 Qc2#   {White checkmated} 0-1

[Event "Team 45 45 League T26"]
[Site "Free Internet Chess Server"]
[Date "2005.03.18"]
[Round "1"]
[White "manyhorses"]
[Black "jerryrab"]
[Result "1-0"]
[WhiteElo "1280"]
[BlackElo "1277"]
[TimeControl "2700+45"]

1. e4 d6 2. d4 Nc6 3. Nf3 Nf6 4. Nc3 h6 5. Be2 g6 6. O-O Bg7 7. Be3 O-O 8. d5 Ne5 9. Nxe5 dxe5 10. Qd3 Ng4 11. Bxg4 Bxg4 12. Qc4 Bd7 13. a4 a6 14. b4 b5 15. axb5 Bxb5 16. Nxb5 axb5 17. Qxb5 Rb8 18. Qc4 e6 19. dxe6 Qe7 20. Bc5 Qxe6 21. Qxe6 fxe6 22. Bxf8 Kxf8 23. c3 Bf6 24. f4 Ke7 25. Ra7 Rc8 26. f5 exf5 27. exf5 e4 28. fxg6 Bxc3 29. Rf7+ Ke8 30. Ra6 Bd4+ 31. Kf1 e3 32. Re6+ Kd8 33. g7 Bxg7 34. Rxg7 c6 35. Rxh6   {Black resigns} 1-0

[Event "Team 45 45 League T26"]
[Site "Free Internet Chess Server"]
[Date "2005.03.18"]
[Round "1"]
[White "geolas"]
[Black "Atreus"]
[Result "1-0"]
[WhiteElo "1800"]
[BlackElo "1885"]
[TimeControl "2700+45"]

1. e4 e6 2. d4 d5 3. Nc3 Bb4 4. e5 c5 5. a3 Bxc3+ 6. bxc3 Ne7 7. Qg4 Qc7 8. Qxg7 Rg8 9. Qxh7 cxd4 10. Ne2 Nbc6 11. cxd4 Nxd4 12. Ra2 Nxe2 13. Bxe2 Qxe5 14. Kf1 Bd7 15. Qd3 a6 16. a4 O-O-O 17. g3 Bc6 18. f4 Qh8 19. Bf3   {Black resigns} 1-0

[Event "Team 45 45 League T26"]
[Site "Free Internet Chess Server"]
[Date "2005.03.19"]
[Round "1"]
[White "TGV"]
[Black "sacKING"]
[Result "0-1"]
[WhiteElo "1778"]
[BlackElo "1790"]
[TimeControl "2700+45"]

1. d4 e6 2. e4 d5 3. Nc3 dxe4 4. Nxe4 Nf6 5. Bg5 Be7 6. Nxf6+ Bxf6 7. Be3 c5 8. Nf3 Nc6 9. Bb5 Qa5+ 10. Nd2 Qxb5 11. b3 Nxd4 12. Nc4 Nf5 13. Rc1 Nxe3 14. fxe3 Bc3+ 15. Kf2 O-O 16. Qd3 Bf6 17. Rcd1 b6 18. a4 Qc6 19. Rhe1 Bb7 20. e4 Rad8 21. Qe2 Bd4+ 22. Kf3 f5 23. Nd2 fxe4+ 24. Kg4 h5+ 25. Kxh5 Qd5+ 26. Kh4 Bf6+ 27. Kh3 Qf5+ 28. g4 Qh7+   {White resigns} 0-1

[Event "Team 45 45 League T26"]
[Site "Free Internet Chess Server"]
[Date "2005.03.18"]
[Round "1"]
[White "sostoned"]
[Black "MGoo"]
[Result "0-1"]
[WhiteElo "1719"]
[BlackElo "1771"]
[TimeControl "2700+45"]

1. Nf3 d5 2. c4 c6 3. cxd5 cxd5 4. g3 Nf6 5. Bg2 Bf5 6. O-O e6 7. Nh4 Be4 8. f3 Bxb1 9. Rxb1 g5 10. Nf5 exf5 11. f4 g4 12. b4 Qb6+ 13. e3 Nbd7 14. Qb3 Qe6 15. Bb2 Bg7 16. Bxd5 Qxd5 17. Qxd5 Nxd5 18. Bxg7 Rg8 19. Bd4 N7f6 20. d3 Kd7 21. Rfe1 Rge8 22. Kf2 Re6 23. a3 b6 24. Re2 Rae8 25. Rc1 Nc7 26. a4 Nfd5 27. Be5 f6 28. Bxc7 Nxc7 29. Rec2 Nd5 30. b5 Rxe3 31. d4 R3e4 32. Rc4 Re2+ 33. Kg1 Rd2 34. R4c2 Rxd4 35. Rc4 Rxc4 36. Rxc4 Rc8 37. Rd4 Ke6 38. h4 Rc3 39. Kf2 Rf3+ 40. Kg2 Ne3+ 41. Kh2 Nf1+ 42. Kg2 Nxg3 43. Rc4 Nh5 44. Rc7 Nxf4+ 45. Kg1 Ra3 46. Rxh7 g3   {White resigns} 0-1

[Event "Team 45 45 League T26"]
[Site "Free Internet Chess Server"]
[Date "2005.03.21"]
[Round "1"]
[White "Pieris"]
[Black "Chessface"]
[Result "1-0"]
[WhiteElo "1678"]
[BlackElo "1694"]
[TimeControl "2700+45"]

1. e4 c5 2. Nf3 Nc6 3. d4 cxd4 4. Nxd4 Nf6 5. Nc3 e5 6. Ndb5 d6 7. Bg5 a6 8. Bxf6 gxf6 9. Na3 b5 10. Nd5 f5 11. Bd3 Be6 12. c3 Bg7 13. Bc2 f4 14. Qd3 O-O 15. h4 Ne7 16. h5 h6 17. O-O-O f5 18. Nxe7+ Qxe7 19. Qxd6 Qxd6 20. Rxd6 Bxa2 21. b3 fxe4 22. Kb2 Bxb3 23. Bxb3+ Kh8 24. Bd5 e3 25. Bxa8 Rxa8 26. fxe3 fxe3 27. Re1 b4 28. cxb4 e4+ 29. Kb3 a5 30. b5 a4+ 31. Ka2 Rf8 32. Rc6 e2 33. Rc2 Rf5 34. Rcxe2 Bc3 35. Rc1 Bg7 36. Rxe4 Rf2+ 37. Rc2 Rf1 38. Nb1 a3 39. Nxa3 Ra1+ 40. Kb3 Bf8 41. Nc4 Rb1+ 42. Rb2 Rc1 43. Re8 Kg7 44. b6 Bc5 45. b7 Bd4 46. b8=Q Rc3+ 47. Kb4 Rxc4+ 48. Kxc4 Bxb2 49. Qxb2+ Kf7 50. Qe2 Kg7 51. Qe7#   {Black checkmated} 1-0

[Event "Team 45 45 League T26"]
[Site "Free Internet Chess Server"]
[Date "2005.03.20"]
[Round "1"]
[White "yoniker"]
[Black "Valiantangel"]
[Result "1-0"]
[WhiteElo "1895"]
[BlackElo "1898"]
[TimeControl "2700+45"]

1. e4 c5 2. Nf3 d6 3. c3 Nf6 4. Be2 Nxe4 5. Qa4+ Bd7 6. Qxe4 Bc6 7. Qc2 Nd7 8. d4 Nf6 9. O-O Rc8 10. Rd1 Be4 11. Qa4+ Rc6 12. Bb5   {Black resigns} 1-0

[Event "Team 45 45 League T26"]
[Site "Free Internet Chess Server"]
[Date "2005.03.24"]
[Round "1"]
[White "sidiAhmed"]
[Black "Pawns"]
[Result "1-0"]
[WhiteElo "1720"]
[BlackElo "1759"]
[TimeControl "2700+45"]

1. d4 Nf6 2. c4 d6 3. Nf3 Bf5 4. Nc3 h6 5. Qb3 Qc8 6. Bd2 c6 7. g3 Nbd7 8. Bg2 e5 9. dxe5 dxe5 10. Nh4 Be6 11. Ne4 Nb6 12. Nxf6+ gxf6 13. Qf3 Bg7 14. b3 e4 15. Qxe4 f5 16. Nxf5   {Black resigns} 1-0

[Event "Team 45 45 League T26"]
[Site "Free Internet Chess Server"]
[Date "2005.03.16"]
[Round "1"]
[White "CelticDeath"]
[Black "midoekram"]
[Result "1-0"]
[WhiteElo "1734"]
[BlackElo "1591"]
[TimeControl "2700+45"]

1. e4 c5 2. d4 b6 3. dxc5 bxc5 4. Nf3 Nc6 5. Nc3 e6 6. Bc4 Bb7 7. Bf4 d6 8. O-O e5 9. Bg3 h6 10. Qe2 Nd4 11. Nxd4 cxd4 12. Bb5+ Ke7 13. Nd5+ Bxd5 14. exd5 f6 15. f4 Qc7 16. fxe5 dxe5 17. Bxe5 Qxe5 18. Qg4 Qxd5 19. Rfe1+ Kf7 20. c4 Qd6 21. Bd7 Ne7 22. c5 Qxc5 23. Rac1 d3+ 24. Rxc5 Ng6 25. Be6+ Ke7 26. Qxg6   {Black resigns} 1-0

[Event "Team 45 45 League T26"]
[Site "Free Internet Chess Server"]
[Date "2005.03.19"]
[Round "1"]
[White "kballoloco"]
[Black "Holyphant"]
[Result "1-0"]
[WhiteElo "1541"]
[BlackElo "1613"]
[TimeControl "2700+45"]

1. d4 Nf6 2. c4 g6 3. Nc3 d5 4. cxd5 Nxd5 5. e4 Nxc3 6. bxc3 Bg7 7. Nf3 c5 8. Be3 Qa5 9. Qb3 Bg4 10. Qb5+ Nc6 11. Qxa5 Nxa5 12. Bb5+ Nc6 13. Ne5 cxd4 14. Bxd4 Bd7 15. Nxc6 e5 16. Bxe5 Bxe5 17. Nxe5 Bxb5 18. Rb1 Bc6 19. Nxc6 bxc6 20. f3 Ke7 21. Ke2 Rhd8 22. Rb7+ Ke6 23. Rd1 Rxd1 24. Kxd1 h6 25. Rc7 Rd8+ 26. Kc2 Rd6 27. Rxa7 c5 28. a4 f5 29. exf5+ Kxf5 30. a5 Kf4 31. a6 Ke3 32. Re7+ Kf2 33. a7 Rd8 34. Kb3 Kxg2 35. Kc4 Kxf3 36. Kxc5 Kf4 37. Kb6 Kf5 38. Kb7 Kf6 39. Rc7   {Black resigns} 1-0

[Event "Team 45 45 League T26"]
[Site "Free Internet Chess Server"]
[Date "2005.03.17"]
[Round "1"]
[White "bahus"]
[Black "mandragora"]
[Result "1-0"]
[WhiteElo "1876"]
[BlackElo "1821"]
[TimeControl "2700+45"]

1. e4 e5 2. Nf3 Nc6 3. Bb5 a6 4. Ba4 Nf6 5. O-O Nxe4 6. d4 b5 7. Bb3 d5 8. dxe5 Be6 9. Be3 Nc5 10. Nbd2 Be7 11. c3 Nxb3 12. Nxb3 O-O 13. Qe2 f6 14. exf6 Bxf6 15. h3 Bf7 16. a4 b4 17. cxb4 Nxb4 18. Qd2 Rb8 19. Bc5 Be7 20. Bxe7 Qxe7 21. Nbd4 Qf6 22. Rfc1 Qd6 23. Nf5 Qd7 24. Qg5 Bg6 25. Ne7+ Kh8 26. Ne5 Qd8 27. N5xg6+   {Black resigns} 1-0

[Event "Team 45 45 League T26"]
[Site "Free Internet Chess Server"]
[Date "2005.03.18"]
[Round "1"]
[White "Pawns"]
[Black "RomaLavrn"]
[Result "1/2-1/2"]
[WhiteElo "1759"]
[BlackElo "1831"]
[TimeControl "2700+45"]

1. e4 c6 2. d4 d5 3. exd5 cxd5 4. c4 Nf6 5. c5 e6 6. b4 b6 7. Nf3 a5 8. Qa4+ Bd7 9. Bb5 Qc7 10. Ne5 Bxb5 11. Qxb5+ Nfd7 12. Bf4 axb4 13. Ng6 Qc6 14. Qxc6 Nxc6 15. Nxh8 Nxd4 16. Kd1 Nb3 17. cxb6 Nxb6 18. Be3 Nc4 19. axb3 Nxe3+ 20. fxe3 Rxa1 21. Ke2 Be7 22. Rf1 f6 23. Rc1 Ra8 24. Rc7 Kf8 25. Rb7 Re8 26. Rb6 e5 27. Rb5 d4 28. exd4 exd4 29. Kd3 Kg8 30. Nd2 Kxh8 31. Nf3   {Game drawn by mutual agreement} 1/2-1/2

[Event "Team 45 45 League T26"]
[Site "Free Internet Chess Server"]
[Date "2005.03.19"]
[Round "1"]
[White "Pilia"]
[Black "waelag"]
[Result "1-0"]
[WhiteElo "1947"]
[BlackElo "1942"]
[TimeControl "2700+45"]

1. e4 c5 2. Nc3 Nc6 3. g3 Nf6 4. Bg2 e6 5. Nge2 d5 6. exd5 exd5 7. d4 Be6 8. O-O Be7 9. dxc5 Bxc5 10. Bg5 Be7 11. Nf4 d4 12. Nce2 h6 13. Bxf6 Bxf6 14. Nxe6 fxe6 15. Nf4 e5 16. Ng6 Rg8 17. Re1 Qd6 18. f4 O-O-O 19. fxe5 Nxe5 20. Nxe5 Bxe5 21. Qf3 Rd7 22. Bh3 Bf6 23. Rad1 Qb6 24. Bxd7+ Kxd7 25. Qd5+ Kc7 26. Qf7+   {Black resigns} 1-0

[Event "Team 45 45 League T26"]
[Site "Free Internet Chess Server"]
[Date "2005.03.19"]
[Round "1"]
[White "Shikamaru"]
[Black "HotDonut"]
[Result "1-0"]
[WhiteElo "1978"]
[BlackElo "1910"]
[TimeControl "2700+45"]

1. f4 d5 2. Nf3 Nf6 3. g3 Nc6 4. Bg2 Bf5 5. O-O Qd7 6. Ne5 Nxe5 7. fxe5 Ng4 8. d4 Be4 9. Bf3 h5 10. Nc3 Bxf3 11. exf3 Nh6 12. Re1 e6 13. Bxh6 gxh6 14. Kh1 h4 15. gxh4 Be7 16. h5 O-O-O 17. Qd3 Bg5 18. Rg1 Qe7 19. Raf1 Qb4 20. a3 Qb6 21. f4 Be7 22. f5 Bg5 23. b4 Qc6 24. b5 Qc4 25. Qxc4 dxc4 26. Ne2 Rd5 27. a4 Rhd8 28. c3 a6 29. h4 Bxh4 30. Nf4 axb5 31. fxe6 fxe6 32. Nxd5 Rxd5 33. Rf8+ Kd7 34. Rf7+ Kc8 35. Rg8+ Bd8 36. axb5 Rxb5 37. Re7 Rd5 38. Rxe6 b5 39. Rxh6 b4 40. cxb4 c3 41. Rc6 Rxd4 42. e6 Re4   {Black resigns} 1-0

[Event "Team 45 45 League T26"]
[Site "Free Internet Chess Server"]
[Date "2005.03.20"]
[Round "1"]
[White "JDFitzpat"]
[Black "pawelh"]
[Result "1/2-1/2"]
[WhiteElo "1868"]
[BlackElo "1825"]
[TimeControl "2700+45"]

1. c4 Nf6 2. Nc3 e6 3. e4 Nc6 4. Nf3 d5 5. e5 Ne4 6. d4 Bb4 7. Qc2 f5 8. exf6 Qxf6 9. a3 Bxc3+ 10. bxc3 O-O 11. Bd3 Qg6 12. Kf1 h6 13. Be3 Bd7 14. Rb1 b6 15. Rb2 Rf7 16. Ne5 Nxe5 17. dxe5 Qf5 18. Bxe4 dxe4 19. Bd4 c5 20. Be3 Qxe5 21. h4 Qh5 22. Kg1 Bc6 23. Qe2 Qg6 24. h5 Qf6 25. Rh3 Rd8 26. Rd2 Rfd7 27. Rxd7 Rxd7 28. Bd2 Qd8 29. Bf4 Qf6 30. Bd2 Ba4 31. Rg3 Kh8 32. Rg6 Qf5 33. Rg3 Rd3 34. Re3 Rxe3 35. Bxe3 Be8 36. g4 Qf3 37. Qxf3 exf3 38. Bf4 a6 39. Bc7 b5 40. Bd6 bxc4 41. Bxc5 g6 42. hxg6 Bxg6 43. Bd4+ Kg8 44. Kh2 Kf7 45. Kg3 Be4 46. Kf4 Bd5 47. Ke5 Kg6 48. Be3 h5 49. gxh5+ Kxh5 50. Kd6 Kg6 51. Kc7 Kf5 52. Kb6 Ke4 53. Kxa6 Kd3 54. Bd4 Ke4 55. Kb5 e5 56. Be3 Kd3 57. Kb4   {Game drawn by mutual agreement} 1/2-1/2

[Event "Team 45 45 League T26"]
[Site "Free Internet Chess Server"]
[Date "2005.03.18"]
[Round "1"]
[White "TheTactician"]
[Black "jmarchetti"]
[Result "0-1"]
[WhiteElo "1718"]
[BlackElo "1861"]
[TimeControl "2700+45"]

1. e4 e5 2. Nf3 Nc6 3. Bc4 Be7 4. c3 Nf6 5. O-O O-O 6. d4 exd4 7. e5 Ne8 8. cxd4 d5 9. Bb3 Bg4 10. Be3 f6 11. Nc3 fxe5 12. Bxd5+ Kh8 13. Qa4 Bxf3 14. Bxf3 Nxd4 15. Bg4 Nf6 16. Bh3 Nh5 17. Rad1 c5 18. Rfe1 a6 19. Rd2 b5 20. Qd1 Nf4 21. Bxf4 exf4 22. b4 f3 23. bxc5 Bxc5 24. Kh1 Qa5 25. Ne4 Bb4 26. Rxd4 Bxe1 27. Nd6 Bxf2 28. Rd2 Be3 29. Qb3 Qxd2   {White resigns} 0-1